 Dungeon Crawl Stone Soup version 0.21.1-1-g345015fe64 (webtiles) character file.

6717 Sergeek the Cleaver (level 11, -2/95 HPs)
             Began as a Hill Orc Fighter on Apr 12, 2018.
             Was a Believer of Beogh.
             Slain by a nine-headed hydra (10 damage)
             ... on level 11 of the Dungeon on Apr 13, 2018.
             The game lasted 00:50:27 (8692 turns).

Sergeek the Cleaver (Hill Orc Fighter)              Turns: 8692, Time: 00:50:28

Health: -2/95      AC: 14    Str: 23    XL:     11   Next: 4%
Magic:  11/11      EV: 10    Int:  8    God:    Beogh [**....]
Gold:   617        SH:  0    Dex: 10    Spells: 10/10 levels left

rFire    + . .     SeeInvis .   x - +0 battleaxe
rCold    . . .     Gourm    .   (shield currently unavailable)
rNeg     . . .     Faith    .   g - +0 chain mail
rPois    .         Spirit   .   (no helmet)
rElec    .         Reflect  .   b - +0 cloak
rCorr    +         Harm     .   u - +0 pair of gloves
MR       .....                  c - +0 pair of boots
Stlth    ..........             p - amulet of regeneration
HPRegen  0.65/turn              n - ring of resist corrosion
MPRegen  0.12/turn              t - ring of protection from fire

@: no status effects
A: no striking features
a: Smiting, Renounce Religion


You were on level 11 of the Dungeon.
You worshipped Beogh.
Beogh was pleased with you.
You were hungry.

You visited 2 branches of the dungeon, and saw 12 of its levels.

You collected 617 gold pieces.

Inventory:

Hand Weapons
 x - a +0 battleaxe (weapon)
Armour
 b - a +0 cloak (worn)
 c - a +0 pair of boots (worn)
 g - a +0 chain mail (worn)
 u - a +0 pair of gloves (worn)
Jewellery
 h - an uncursed ring of protection from cold {unknown}
 n - a ring of resist corrosion (left hand)
 p - an amulet of regeneration (around neck)
 t - a ring of protection from fire (right hand)
 A - a +5 ring of dexterity {unknown}
 C - an uncursed amulet of magic regeneration {unknown}
Wands
 j - a wand of iceblast (20)
 m - a wand of flame (22)
 q - a wand of random effects (29)
 y - a wand of paralysis (10)
Scrolls
 d - 2 scrolls of teleportation
 e - a scroll of blinking
 i - 11 scrolls of identify
 l - 8 scrolls of remove curse {unknown}
 o - 2 scrolls of immolation {unknown}
 r - 2 scrolls of enchant armour {unknown}
 s - 2 scrolls of enchant weapon {unknown}
 v - 2 scrolls of amnesia {unknown}
 w - 3 scrolls of fog {unknown}
 D - a scroll of magic mapping
Potions
 a - a potion of agility
 k - 2 potions of mutation {unknown}
 B - a potion of heal wounds
Books
 E - a book of Cantrips

   Spells                             Type                      Level
   a - Confusing Touch                Hexes                        1
   b - Animate Skeleton               Necromancy                   1
   c - Summon Small Mammal            Summoning                    1
   d - Apportation                    Translocation                1
Comestibles
 f - 15 rations
 z - 6 chunks of flesh


   Skills:
 * Level 8.3 Fighting
 * Level 13.3 Axes
 * Level 7.8 Armour
 * Level 4.0 Dodging
 * Level 4.7 Stealth
   Level 6.6 Shields


You had 10 spell levels left.
You didn't know any spells.

Dungeon Overview and Level Annotations

Branches:
Dungeon (11/15)            Temple (1/1) D:7             Orc (0/2) D:11
   Lair: D:8-11

Altars:
Ashenzari
Cheibriados
Dithmenos
Elyvilon
Fedhas
Gozag
Hepliaklqana
Kikubaaqudgha
Makhleb
Nemelex Xobeh
Okawaru
Qazlal
Ru
Sif Muna
Trog
Uskayaw
Vehumet
Wu Jian
Xom
Yredelemnul
Zin
The Shining One

Shops:
D:5 %   D:8 }   D:9 }


Message History

The nine-headed hydra bites you but does no damage. x3
The nine-headed hydra bites you.
* * * LOW HITPOINT WARNING * * *
The nine-headed hydra bites you!
* * * LOW HITPOINT WARNING * * *
The nine-headed hydra barely misses you.
The nine-headed hydra bites you.
* * * LOW HITPOINT WARNING * * *
You feel much better. The nine-headed hydra bites you.
* * * LOW HITPOINT WARNING * * *
The nine-headed hydra barely misses you.
The nine-headed hydra bites you but does no damage.
The nine-headed hydra bites you!
* * * LOW HITPOINT WARNING * * *
The nine-headed hydra bites you.
* * * LOW HITPOINT WARNING * * *
The nine-headed hydra completely misses you.
The nine-headed hydra bites you but does no damage.
The nine-headed hydra bites you!
You die...

####### ....... .......
....... ###### #### #
.....
###################....##
................@Drh.....
.##################W...##
.#### ...# ....# ..#
....# ... ....# #. ....#
#####


You could see a nine-headed hydra, a phantom, a black bear and a porcupine.

Vanquished Creatures
  Pikel (D:6)
  An ugly thing (D:11)
  Maurice (D:8)
  Joseph (D:9)
  3 hippogriffs
  Menkaure (D:4)
  3 ice beasts
  2 necrophages
  2 orc warriors
  2 sky beasts
  2 phantoms
  5 ogres
  4 centaurs
  2 big kobolds
  5 bullfrogs
  A scorpion (D:9)
  10 killer bees
  7 wights
  6 howler monkeys
  A bullfrog zombie (D:5)
  5 crimson imps
  A quasit (D:5)
  2 centaur skeletons
  2 orc priests
  6 hounds
  2 jellies
  A bullfrog skeleton (D:7)
  4 orc wizards
  Jessica (D:2)
  7 iguanas
  Natasha (thrice) (D:3)
  5 worker ants
  2 hound zombies
  A hound skeleton (D:4)
  4 gnolls
  6 adders
  3 shadow imps
  3 oozes
  A worm (D:3)
  2 dart slugs
  4 leopard geckos
  27 orcs
  A ball python (D:4)
  6 giant cockroaches
  7 hobgoblins
  10 jackals
  3 quokkas
  10 bats
  7 frilled lizards
  9 goblins
  16 kobolds
  A quokka zombie (D:8)
  11 rats
  A butterfly (D:5)
234 creatures vanquished.

Vanquished Creatures (others)
  A centaur (D:6)
  An orc priest (D:6)
  3 jackals (D:6)
  12 fungi (D:11)
  3 plants (D:11)
20 creatures vanquished.

Grand Total: 254 creatures vanquished

Notes
Turn   | Place    | Note
-------+----------+-------------------------------------------
     0 | D:1      | Sergeek the Hill Orc Fighter began the quest for the Orb.
     0 | D:1      | Reached XP level 1. HP: 19/19 MP: 1/1
   123 | D:1      | Reached XP level 2. HP: 20/27 MP: 2/2
   467 | D:1      | Reached skill level 3 in Axes
   531 | D:1      | Reached XP level 3. HP: 33/33 MP: 3/3
   746 | D:1      | Reached XP level 4. HP: 36/40 MP: 4/4
  1040 | D:2      | Reached skill level 1 in Stealth
  1044 | D:2      | Reached skill level 4 in Axes
  1349 | D:2      | Found a glowing silver altar of Zin.
  1572 | D:2      | Noticed Jessica
  1576 | D:2      | Killed Jessica
  1576 | D:2      | Reached XP level 5. HP: 47/47 MP: 5/5
  2250 | D:3      | Noticed Natasha
  2259 | D:3      | Killed Natasha
  2259 | D:3      | Reached skill level 1 in Dodging
  2320 | D:3      | Reached skill level 5 in Axes
  2373 | D:3      | Noticed Natasha
  2385 | D:3      | Killed Natasha
  2385 | D:3      | Reached XP level 6. HP: 23/53 MP: 6/6
  2741 | D:3      | Noticed Natasha
  2749 | D:3      | Killed Natasha
  3080 | D:4      | Reached skill level 6 in Axes
  3196 | D:4      | Reached XP level 7. HP: 49/60 MP: 7/7
  3242 | D:4      | Noticed Menkaure
  3261 | D:4      | Killed Menkaure
  3261 | D:4      | Reached skill level 5 in Fighting
  3415 | D:5      | Entered Level 5 of the Dungeon
  3415 | D:5      | Found a sparkling altar of Nemelex Xobeh.
  3423 | D:5      | Reached skill level 7 in Axes
  3447 | D:5      | Found a blossoming altar of Fedhas.
  3677 | D:5      | Reached XP level 8. HP: 12/68 MP: 8/8
  3697 | D:5      | Found a shimmering altar of Xom.
  3786 | D:5      | Reached skill level 8 in Axes
  3888 | D:5      | Found Diphirua's Food Emporium.
  4011 | D:5      | Reached skill level 5 in Shields
  4027 | D:5      | Reached skill level 5 in Armour
  4270 | D:6      | Noticed Pikel
  4281 | D:6      | Killed Pikel
  4281 | D:6      | Reached skill level 9 in Axes
  4335 | D:6      | Became a worshipper of Beogh the Brigand
  4752 | D:7      | Reached XP level 9. HP: 25/75 MP: 9/9
  4808 | D:7      | Found an ancient bone altar of Kikubaaqudgha.
  4836 | D:7      | Reached skill level 10 in Axes
  4874 | D:7      | Found a white marble altar of Elyvilon.
  5170 | D:7      | Reached * piety under Beogh
  5504 | D:7      | Found a staircase to the Ecumenical Temple.
  5517 | Temple   | Entered the Ecumenical Temple
  5786 | D:8      | Found Oleytet's Gadget Shoppe.
  5973 | D:8      | Noticed Maurice
  5979 | D:8      | Paralysed by something for 5 turns
  5989 | D:8      | Paralysed by something for 2 turns
  6002 | D:8      | Paralysed by Maurice for 4 turns
  6009 | D:8      | Paralysed by Maurice for 3 turns
  6034 | D:8      | Killed Maurice
  6034 | D:8      | Reached skill level 11 in Axes
  6130 | D:8      | Reached XP level 10. HP: 64/86 MP: 10/10
  6260 | D:8      | Found a basalt altar of Yredelemnul.
  6262 | D:8      | Found a deep blue altar of Sif Muna.
  6262 | D:8      | Found a stormy altar of Qazlal.
  6271 | D:8      | Found an ornate altar of the Wu Jian Council.
  6271 | D:8      | Found a white marble altar of Elyvilon.
  6271 | D:8      | Found a shimmering altar of Xom.
  7042 | D:9      | Found a shattered altar of Ashenzari.
  7121 | D:9      | Reached ** piety under Beogh
  7292 | D:9      | Noticed Joseph
  7307 | D:9      | Reached skill level 12 in Axes
  7322 | D:9      | Killed Joseph
  7330 | D:9      | Found Paty's Gadget Shoppe.
  7685 | D:10     | Entered Level 10 of the Dungeon
  8416 | D:11     | Noticed a purple ugly thing
  8424 | D:11     | Killed a purple ugly thing
  8429 | D:11     | Reached skill level 13 in Axes
  8457 | D:11     | Found a staircase to the Orcish Mines.
  8480 | D:11     | Reached XP level 11. HP: 35/94 MP: 11/11
  8612 | D:11     | Found a blossoming altar of Fedhas.
  8679 | D:11     | Noticed a four-headed hydra
  8691 | D:11     | HP: 3/95 [nine-headed hydra (4)]
  8692 | D:11     | Slain by a nine-headed hydra

Skill      XL: |  1  2  3  4  5  6  7  8  9 10 11 |
---------------+----------------------------------+-----
Fighting       | 4 5 6 7 8 |  8.3
Axes           | 3 4 5 6 7 9 11 13 | 13.3
Stealth        | 1 2 3 4 |  4.7
Shields        | 4 5 6 |  6.6
Dodging        | 1 2 3 4 |  4.0
Armour         | 4 5 6 7 |  7.8

Action                   |  1- 3 |  4- 6 |  7- 9 | 10-12 || total
-------------------------+-------+-------+-------+-------++-------
Melee: War axe           |    83 |   229 |   436 |    40 ||   788
       Battleaxe         |       |       |       |   222 ||   222
       Broad axe         |       |       |       |    35 ||    35
Invok: Convert to Beogh  |       |       |     1 |       ||     1
Evoke: Wand              |       |       |     1 |       ||     1
  Use: Potion            |     2 |     4 |     6 |     1 ||    13
       Scroll            |       |       |     4 |     1 ||     5
  Eat: Chunk             |       |     8 |     6 |     2 ||    16
       Ration            |       |       |     1 |     2 ||     3
Armor: Scale mail        |    38 |    93 |    63 |       ||   194
       Skin              |       |       |     1 |       ||     1
       Chain mail        |       |       |   124 |   205 ||   329
Dodge: Dodged            |    39 |   114 |   147 |   166 ||   466
Block: Shield            |    42 |       |       |       ||    42
       Buckler           |     4 |    78 |   143 |    24 ||   249
